 Dungeon Crawl Stone Soup version 0.31.0-9-g3a7656b989 (webtiles) character file.

Game seed: 6815761794193894728

291 qw the Skirmisher (level 6, 0/35 HPs)
             Began as a Deep Elf Hunter on Feb 2, 2024.
             Incinerated by a bombardier beetle (5 damage)
             ... with a burning spray
             ... on level 2 of the Dungeon.
             The game lasted 00:00:06 (1601 turns).

qw the Skirmisher (Deep Elf Hunter)                 Turns: 1601, Time: 00:00:06

Health: 0/35       AC:  6    Str: 10    XL:     6   Next: 10%
Magic:  8/8        EV: 11    Int: 14    God:
Gold:   37         SH:  0    Dex: 18    Spells: 5/5 levels left

rFire   . . .        a - +0 shortbow
rCold   . . .        (shield currently unavailable)
rNeg    . . .        b - +1 ring mail
rPois   .            (no helmet)
rElec   .            (no cloak)
rCorr   .            (no gloves)
SInv    .            (no boots)
Will    .....        (no amulet)
Stlth   +            (no ring)
HPRegen 0.25/turn    (no ring)
MPRegen 0.11/turn

%: no passive effects
@: on fire, glowing
A: no striking features
a: no special abilities


You were on level 2 of the Dungeon.
You visited 1 branch of the dungeon, and saw 3 of its levels.

You collected 37 gold pieces.


   Skills:
 - Level 2.0 Fighting
 + Level 9.5 Ranged Weapons
 - Level 2.4 Dodging
 - Level 1.2 Stealth


You had 5 spell levels left.
You didn't know any spells.
Your spell library was empty.

Inventory:

Hand Weapons
 a - a +0 shortbow (weapon)
Armour
 b - a +1 ring mail (worn)
Potions
 d - a potion of attraction {unknown}

Dungeon Overview and Level Annotations

Branches:
Dungeon (3/15)

Altars:

Shops:
D:1 :   D:2 (


Message History

The bombardier beetle is almost dead.
The hobgoblin hits you.
The frilled lizard bites you but does no damage.
You shoot an arrow.
The arrow hits the bombardier beetle but does no damage.
The bombardier beetle is almost dead.
The hobgoblin hits you but does no damage.
The frilled lizard closely misses you.
The bombardier beetle bites you but does no damage.
You shoot an arrow.
The arrow barely misses the bombardier beetle.
The hobgoblin hits you but does no damage.
The frilled lizard bites you but does no damage.
The bombardier beetle sprays incendiary fluid at you.
The burning spray hits you.
You are covered in liquid fire!
The hobgoblin hits you but does no damage.
The frilled lizard closely misses you.
You shoot an arrow. The arrow hits the bombardier beetle!
You kill the bombardier beetle!
The liquid fire burns you!
The hobgoblin hits you but does no damage.
The frilled lizard closely misses you.
Your Fighting skill increases to level 2!
You have reached level 6!
You shoot an arrow. The arrow closely misses the hobgoblin.
The liquid fire burns you!
The hobgoblin hits you but does no damage.
The frilled lizard closely misses you.
You shoot an arrow.
The arrow hits the hobgoblin but does no damage.
The liquid fire burns you! The hobgoblin completely misses you.
The frilled lizard bites you.
You shoot an arrow. The arrow barely misses the hobgoblin.
The liquid fire burns you! The hobgoblin hits you.
The frilled lizard closely misses you.
You shoot an arrow. The arrow hits the hobgoblin!
You kill the hobgoblin!
The liquid fire burns you!
You die...

#.....#.......#......#
#######.###..........>..##.#
#.......# ###...<...#...##.#####
#.####### #.......######......
#.# #.......############ #.#
##...........# #### #.#
##..#######.####... #.# #..#
###........
##.#############@%#####..........
.....##.........l.....).#####..##
..................####..# #..##
#.............###.# #..# #....
#..#.##.#####.# #.# #..#####..##
#..#.##.# #.# #.# #..#...#..##
#..#.##.# #.# #.####...........
...#.##.# #.# #.............###
#.##.##.#####.# #######......##


You could see a frilled lizard.

Vanquished Creatures
  Sigmund (D:2)
  A bombardier beetle (D:2)
  3 adders (D:2)
  3 dart slugs (D:1)
  3 ball pythons
  8 bats
  5 endoplasms
  3 giant cockroaches (D:1)
  3 goblins (D:1)
  6 hobgoblins
  12 jackals
  2 quokkas
  2 frilled lizards (D:1)
  5 kobolds
  5 rats
62 creatures vanquished.

Notes
Turn   | Place    | Note
-------+----------+-------------------------------------------
     0 | D:1      | qw the Deep Elf Hunter began the quest for the Orb.
     0 | D:1      | Reached XP level 1. HP: 12/12 MP: 3/3
     0 | D:1      | 0 ||| qw: Version: 0.3-a-155-g5e7d8dd
     0 | D:1      | 0 ||| qw: Game counter: 400
     0 | D:1      | 0 ||| qw: Melee chars always use a shield: true
     0 | D:1      | 0 ||| qw: God list: Okawaru
     0 | D:1      | 0 ||| qw: Allow faded altars: false
     0 | D:1      | 0 ||| qw: Do Orc after clearing Dungeon:15 true
     0 | D:1      | 0 ||| qw: Do second Lair branch before Depths: true
     0 | D:1      | 0 ||| qw: Lair rune preference: random
     0 | D:1      | 0 ||| qw: Goals: Normal
     0 | D:1      | 0 ||| PLANNING D:1-11
    68 | D:1      | Found Weneih's Vocational Training.
   104 | D:1      | Reached XP level 2. HP: 16/16 MP: 4/4
   120 | D:1      | Reached skill level 6 in Ranged Weapons
   301 | D:1      | Reached XP level 3. HP: 20/20 MP: 5/5
   351 | D:1      | Found a faded altar of an unknown god.
   563 | D:1      | Reached skill level 7 in Ranged Weapons
   718 | D:1      | 718 ||| UPGRADING to +0 scale mail.
   728 | D:1      | 728 ||| DROPPING +0 leather armour.
   729 | D:1      | 729 ||| READING scroll labelled ROXAXE DOMIL.
   730 | D:1      | 730 ||| READING scroll labelled HACLAU JUMANYRCH.
   731 | D:1      | 731 ||| READING 2 scrolls labelled VIM DEORID.
   731 | D:1      | 731 ||| IDENTIFYING amethyst potion
   732 | D:1      | 732 ||| READING scroll of identify.
   732 | D:1      | 732 ||| IDENTIFYING scroll labelled KIN HIRRUOME
   733 | D:1      | 733 ||| DROPPING scroll of butterflies.
   734 | D:1      | 734 ||| DROPPING scroll of immolation.
   762 | D:2      | 762 ||| STAIRDANCE
   767 | D:2      | 767 ||| STAIRDANCE
   848 | D:2      | HP: 5/20 [poisoned by an adder]
   975 | D:2      | Reached XP level 4. HP: 25/25 MP: 6/6
  1224 | D:2      | Noticed Sigmund
  1231 | D:2      | HP: 6/25 [Sigmund/+0 scythe of venom (4)]
  1232 | D:2      | 1232 ||| DRINKING potion of heal wounds.
  1234 | D:2      | Killed Sigmund
  1235 | D:2      | Reached skill level 9 in Ranged Weapons
  1235 | D:2      | Reached XP level 5. HP: 21/29 MP: 7/7
  1339 | D:2      | Found Baufolag's Antique Weapon Boutique.
  1532 | D:2      | 1532 ||| UPGRADING to +0 ring mail.
  1542 | D:2      | 1542 ||| DROPPING +0 scale mail.
  1543 | D:2      | 1543 ||| READING scroll labelled MUELOE YHEGHO.
  1543 | D:2      | 1543 ||| ENCHANTING +0 ring mail.
  1585 | D:3      | 1585 ||| STAIRDANCE
  1589 | D:3      | 1589 ||| STAIRDANCE
  1598 | D:2      | Reached XP level 6. HP: 26/35 MP: 8/8
  1600 | D:2      | HP: 8/35 [burnt (6)]
  1601 | D:2      | Incinerated by a bombardier beetle

Levels and vault maps discovered:
D:1:      tarquinn_simple_flora_water_a, layout_loops_ring,
          shapermc_ecumenical_altar_acropolis, nicolae_shop_vocational
D:2:      layout_loops_ring, serial_shops, shop, uniq_sigmund
D:3:      layout_basic, mainiacjoe_overflow_24_doors,
          mainiacjoe_overflow_divided_tiny

Skill      XL: |  1  2  3  4  5 |
---------------+----------------+-----
Ranged Weapons | 6 7 9 |  9.5
Fighting       | 2 |  2.0
Dodging        | |  2.4
Stealth        | |  1.2

Action                     |  1- 3 |  4- 6 || total
---------------------------+-------+-------++-------
   Fire: Shortbow          |   116 |    61 ||   177
    Use: Scroll            |     4 |     1 ||     5
         Potion            |       |     1 ||     1
 Armour: Leather armour    |    13 |       ||    13
         Scale mail        |    15 |    44 ||    59
         Ring mail         |       |    16 ||    16
  Dodge: Dodged            |    29 |    42 ||    71

Table legend:
 A = Non-vault XP
 B = Vault XP
 C = Vault XP percentage of total XP
 D = Non-vault monster count
 E = Vault monster count
 F = Vault count percentage of total count
                 A         B        C        D         E       F
            +---------+---------+-------+---------+---------+-------
      Total |     193 |     226 |  53.9 |      61 |       1 |   1.6
            +---------+---------+-------+---------+---------+-------
        D:1 |      71 |       0 |   0.0 |      38 |       0 |   0.0
        D:2 |     122 |     226 |  64.9 |      23 |       1 |   4.2
            +---------+---------+-------+---------+---------+-------
